 Dungeon Crawl Stone Soup version 0.16-b1 (webtiles) character file.

1684 McCoppin the Spear-Bearer (level 9, -5/57 HPs)
             Began as a Formicid Fighter on Mar 15, 2015.
             Was an Initiate of Yredelemnul.
             Slain by Joseph
             ... wielding a +7 quarterstaff
              (16 damage)
             ... on level 7 of the Dungeon.
             The game lasted 00:21:52 (6779 turns).

McCoppin the Spear-Bearer (Formicid Fighter)        Turns: 6779, Time: 00:21:52

Health: -5/57      AC:  9    Str: 28    XL:     9   Next: 22%
Magic:  12/12      EV:  6    Int:  9    God:    Yredelemnul [......]
Gold:   287        SH: 10    Dex: 10    Spells: 0 memorised, 8 levels left

rFire  . . .     SeeInvis +     L - +0 halberd
rCold  . . .     Clarity  .     q - +0 chain mail
rNeg   . . .     SustAb   .     c - +0 shield
rPois  .         Gourm    .     (helmet unavailable)
rElec  .         Spirit   .     (no cloak)
rCorr  .         Warding  .     (no gloves)
rMut   .         Stasis   +     (no boots)
MR     +....                    (no amulet)
Stlth  ..........               p - ring of loudness (curse)
                                g - ring of protection from magic (curse)

@: mighty, somewhat resistant to hostile enchantments, extremely unstealthy
A: permanent stasis, dig shafts and tunnels, four strong arms, antennae 3, frail
1
a: Dig, Shaft Self, Renounce Religion


You were on level 7 of the Dungeon.
You worshipped Yredelemnul.
Yredelemnul was noncommittal.
You were not hungry.

You visited 2 branches of the dungeon, and saw 8 of its levels.

You collected 287 gold pieces.

Inventory:

Hand weapons
 v - a +2 trident of holy wrath
 F - a +0 blowgun
 L - a +0 halberd (weapon)
 M - a +2 trident
Missiles
 w - a tomahawk (quivered)
 J - 15 poisoned needles
Armour
 c - a +0 shield (worn)
 q - a +0 chain mail (worn)
Jewellery
 g - a cursed ring of protection from magic (left hand)
 p - a cursed ring of loudness (right hand)
Magical devices
 D - a wand of digging (9)
 E - a wand of digging (8)
 I - a wand of hasting (4)
Scrolls
 b - 2 scrolls of random uselessness {unknown}
 h - a scroll of amnesia {unknown}
 l - 3 scrolls of magic mapping
 o - 10 scrolls of identify
 x - 2 scrolls of fog
 y - a scroll of teleportation {unknown}
 z - a scroll of remove curse
 C - a scroll of immolation
Potions
 e - a potion of might
 f - a potion of brilliance
 m - a potion of magic
 r - 3 potions of resistance
 s - a potion of invisibility {unknown}
 t - 3 potions of restore abilities {unknown}
 A - 2 potions of berserk rage {unknown}
 B - a potion of agility {unknown}
 G - a potion of mutation {unknown}
 H - a potion of haste {unknown}
Books
 a - a book of Conjurations

   Spells                             Type                      Level
   a - Magic Dart                     Conjuration                  1
   b - Searing Ray                    Conjuration                  2
   c - Dazzling Spray                 Conjuration/Hexes            3
   d - Fulminant Prism                Conjuration/Hexes            4
   e - Iskenderun's Mystic Blast      Conjuration                  4
   f - Iskenderun's Battlesphere      Conjuration/Charms           5
Comestibles
 d - 6 bread rations
 j - 3 meat rations
 k - 2 chunks of flesh
 n - a beef jerky
 u - a slice of pizza
 K - a royal jelly


   Skills:
 - Level 3.2 Fighting
 + Level 11.2 Polearms
 - Level 3.2 Armour
 - Level 3.6 Shields


You had 8 spell levels left.
You didn't know any spells.

Dungeon Overview and Level Annotations

Branches:
Dungeon (7/15)             Temple (1/1) D:7

Altars:
Ashenzari
Cheibriados
Fedhas
Gozag
Kikubaaqudgha
Makhleb
Nemelex Xobeh
Okawaru
Ru
Sif Muna
Trog
Vehumet
Xom
Yredelemnul
Zin
The Shining One

Shops:
D:5 !   D:6 *=

Annotations:
D:7 Joseph


Innate Abilities, Weirdness & Mutations

You are under a permanent stasis effect.
You can dig through walls and to a lower floor.
Your four strong arms can wield two-handed weapons with a shield.
You have a pair of large antennae on your head (SInv).
You are frail (-10% HP).


Message History

You block the giant frog's attack. You block Joseph's attack.
Attack whom?
Press: ? - help, Dir - move target cursor, f/p - Joseph
Aim: Joseph, wielding an enchanted quarterstaff and wearing a glowing ring mail (lightly wounded)
You barely miss Joseph.
Joseph is lightly wounded.
You block the giant frog's attack. x2
Your shield and chain mail prevent you from hitting the giant frog.
The giant frog is moderately wounded.
Joseph smiles happily.
Joseph hits you with an uncursed enchanted quarterstaff!
* * * LOW HITPOINT WARNING * * *
The giant frog hits you.
* * * LOW HITPOINT WARNING * * *
Drink which item? (? for menu, Esc to quit)
You feel better. The giant frog hits you.
* * * LOW HITPOINT WARNING * * *
Joseph hits you with an uncursed enchanted quarterstaff!
You die...
Your body rises from the dead as a mindless zombie.

....##............ #....##
....#...####.....# ###.##
.......<## ###..# #.##
.........## #..# ##..#
..#.......## #.#####...#
.##........## #...#.....####
####....##...##............#
# #....# ##...@...#....####
##...## ##..F@#####.##
#....# ##)### ..# ##...##
##..## #.##
#....###....###..#
#................##... #
##...........(.......#
.#####...................##
.........................#
#...........#######.....##


You could see Joseph and a giant frog.

Vanquished Creatures
  Menkaure (D:7)
  An ice beast (D:5)
  A centaur (D:6)
  A phantom (D:4)
  A sky beast (D:7)
  2 giant frogs
  Sigmund (D:5)
  A big kobold (D:6)
  A scorpion (D:6)
  5 wights (D:7)
  3 crimson imps
  2 giant frog skeletons
  An orc priest (D:6)
  3 orc wizards
  A centaur skeleton (D:7)
  4 worker ants
  11 adders
  A giant mite (D:2)
  2 shadow imps
  2 worms
  An ooze (D:1)
  19 orcs
  2 ball pythons
  9 bats
  A bat skeleton (D:5)
  A giant cockroach (D:5)
  19 hobgoblins
  2 jackals (D:7)
  9 kobolds
  5 giant geckos
  5 giant newts
  A giant spore (D:4)
  13 goblins
  4 quokkas
  A quokka skeleton (D:4)
  16 rats
  A ballistomycete (D:4)
154 creatures vanquished.

Notes
Turn   | Place    | Note
--------------------------------------------------------------
     0 | D:1      | McCoppin, the Formicid Fighter, began the quest for the Orb.
     0 | D:1      | Reached XP level 1. HP: 18/18 MP: 1/1
   266 | D:1      | Reached XP level 2. HP: 24/24 MP: 3/3
   835 | D:1      | Reached XP level 3. HP: 29/29 MP: 4/4
  1355 | D:2      | Reached skill level 4 in Polearms
  1355 | D:2      | Reached XP level 4. HP: 28/35 MP: 5/5
  2142 | D:3      | Reached XP level 5. HP: 41/41 MP: 7/7
  2265 | D:3      | Reached skill level 5 in Polearms
  3047 | D:3      | Reached XP level 6. HP: 47/47 MP: 8/8
  3497 | D:4      | Reached skill level 6 in Polearms
  4003 | D:5      | Entered Level 5 of the Dungeon
  4029 | D:5      | Reached skill level 7 in Polearms
  4029 | D:5      | Reached XP level 7. HP: 48/52 MP: 9/9
  4072 | D:5      | Found an ancient bone altar of Kikubaaqudgha.
  4072 | D:5      | Noticed a human
  4519 | D:5      | Found a bloodstained altar of Trog.
  4521 | D:5      | Found an iron altar of Okawaru.
  4577 | D:5      | Found Veafoush's Distillery.
  4722 | D:5      | Reached skill level 8 in Polearms
  4821 | D:6      | Noticed Sigmund
  4835 | D:5      | Killed Sigmund
  4885 | D:6      | Reached XP level 8. HP: 58/58 MP: 11/11
  5054 | D:6      | Found an opulent altar of Gozag.
  5057 | D:6      | Found Gozag's Platinum Reserve.
  5215 | D:6      | Reached skill level 9 in Polearms
  5223 | D:6      | Found Prueff's Jewellery Emporium.
  5357 | D:6      | Found a glowing silver altar of Zin.
  6023 | D:7      | Reached skill level 10 in Polearms
  6132 | D:7      | Reached XP level 9. HP: 35/64 MP: 12/12
  6340 | D:7      | Noticed Menkaure
  6351 | D:7      | Killed Menkaure
  6361 | D:7      | Reached skill level 11 in Polearms
  6488 | D:7      | Found a staircase to the Ecumenical Temple.
  6508 | Temple   | Entered the Ecumenical Temple
  6509 | Temple   | Gained mutation: You are frail (-10% HP). [mutagenic meat]
  6599 | Temple   | Became a worshipper of Yredelemnul the Dark
  6761 | D:7      | Noticed Joseph
  6779 | D:7      | Slain by Joseph

Action                   |  1- 3 |  4- 6 |  7- 9 || total
-------------------------+-------+-------+-------++-------
Melee: Trident           |    85 |   297 |   251 ||   633
       Halberd           |       |       |    26 ||    26
Throw: Tomahawk          |       |     1 |       ||     1
 Abil: Dig               |       |     3 |     5 ||     8
  Use: Scroll            |     1 |    10 |       ||    11
       Potion            |       |       |     3 ||     3
  Eat: Chunk             |     1 |     8 |     8 ||    17
       Bread ration      |       |       |     1 ||     1
